[Event "Nové Hrady - Blesk"]
[Site "Nové Hrady, Czech Republic"]
[Date "2023.08.17"]
[Round "7.1"]
[White "Hostička, František"]
[Black "Pulpan, Jakub"]
[Result "0-1"]
[TimeControl "2x3+2s"]
[WhiteFideId "302295"]
[BlackFideId "302759"]
[WhiteElo "2074"]
[BlackElo "2452"]

1. e4 c5 2. Nf3 Nc6 3.
Bb5 d6 4. c3 Bd7 5. O-O Nf6 6. Re1 a6 7. Ba4 b5 8. Bc2 e5 9. h3 Be7 10. d4 O-O 11. Be3 Rc8 12.
dxc5 dxc5 13. Nbd2 h6 14. Nf1 Qc7 15. Ng3 Rfe8 16. Qc1 Bf8 17. Nh4 Nd4 18. Bb1 Ne6 19. Nhf5 Nf4 20. Ne2 Nxe2+ 21. Rxe2 Bxf5 22. exf5 e4 23. Bf4 Bd6 24. Bxd6 Qxd6 25. Qe3 Qe5 26. g4 b4 27. Bc2 bxc3 28. bxc3 Nd5 29. Qxe4 Nxc3 30. Qxe5 Nxe2+ 31. Kf1 Rxe5 32. Re1 Rce8 33. Bd3 Ng3+ 0-1

[Event "Nové Hrady - Blesk"]
[Site "Nové Hrady, Czech Republic"]
[Date "2023.08.17"]
[Round "7.2"]
[White "Zeman, Matyas"]
[Black "Hak, David"]
[Result "1-0"]
[TimeControl "2x3+2s"]
[WhiteFideId "364398"]
[BlackFideId "377007"]
[WhiteElo "2254"]
[BlackElo "2037"]

1. Nf3 c5 2. g3 g6 3. Bg2 Bg7 4. O-O d6 5. c3 Nf6 6. d4 Nbd7 7. Re1 O-O 8. e4 e5 9. dxe5 Nxe5 10. Nxe5 dxe5 11. Qxd8 Rxd8 12. Na3 Be6 13. Be3 b6 14. f3 Rd7 15. Bf1 Rad8 16. Bc4 Bxc4 17. Nxc4 Ne8 18. Kf2 Nd6 19. Nxd6 Rxd6 20. Ke2 f5 21. Bg5 R8d7 22. Red1 Kf7 23.
Rxd6 Rxd6 24. Be3 Ke6 25. a4 a5 26. Rb1 Bf8 27. b4 cxb4 28.
cxb4 Rc6 29. b5 Rc2+ 30. Kd3 Ra2 31. Bxb6 Rxa4 32. Bg1 Ra3+ 33. Kc4 Ra4+ 34. Kc3 Ra3+ 35. Rb3 Bb4+ 36. Kb2 Rxb3+ 37. Kxb3 Kd6 38. Bb6 Be1 39. Ka4 h5 40. Bxa5 Bf2 41. Bb4+ Kc7 42. Be7 Bg1 43. h3 Bf2 44. g4 fxe4 45. fxe4 hxg4 46. hxg4 Bd4 47. Kb4 Kb6 48. Kc4 Be3 49. Bd8+ Kb7 50. Kd5 Bd4 51. Bf6 Kb6 52. Bxe5 Be3 53. Kc4 1-0

[Event "Nové Hrady - Blesk"]
[Site "Nové Hrady, Czech Republic"]
[Date "2023.08.17"]
[Round "7.3"]
[White "Steinbauer, Sebastian"]
[Black "Šimůnek, Jakub Šimon"]
[Result "1-0"]
[TimeControl "2x3+2s"]
[WhiteFideId "399272"]
[BlackFideId "23709464"]
[WhiteElo "1660"]
[BlackElo "1921"]

1. e4 e6 2. d4 d5 3. exd5 exd5 4. Bd3 c5 5. c3 c4 6. Bc2 Nf6 7. Nf3 Bd6 8. Bg5 Qe7+ 9. Qe2 Qxe2+ 10. Kxe2 O-O 11. Re1 Bg4 12. Nbd2 Nbd7 13. Kf1 Rae8 14. h3 Bh5 15. Re2 Rxe2 16. Kxe2 Re8+ 17. Kf1 Bg6 18. Bxg6 hxg6 19. Re1 Kf8 20.
Rxe8+ Kxe8 21. Ne1 Nf8 22. Nc2 Kd7 23.
Ne3 Kc6 24. b3 b5 25. bxc4 bxc4 26. Bh4 Ne6 27. Bxf6 gxf6 28. g3 Ba3 29. Nd1 Bc1 30. Ke2 Ng5 31. h4 Bxd2 32. Kxd2 Ne4+ 33. Ke3 Kb5 34. Kf4 Ka4 35. f3 Nd6 36. g4 Ka3 37.
h5 g5+ 38. Kg3 Nc8 39. h6 Ne7 40. Ne3 Kxa2 41. h7 Ng6 42. Nxd5 Kb3 43. Ne7 Nh8 44. d5 1-0

[Event "Nové Hrady - Blesk"]
[Site "Nové Hrady, Czech Republic"]
[Date "2023.08.17"]
[Round "7.4"]
[White "Vybiral, Zdenek"]
[Black "Prinz, Hubert"]
[Result "1-0"]
[TimeControl "2x3+2s"]
[WhiteFideId "305200"]
[BlackFideId "1639447"]
[WhiteElo "2158"]
[BlackElo "1884"]

1. d4 Nf6 2. c4 d5 3. cxd5 Nxd5 4. Nf3 g6 5. e4 Nf6 6. Nc3 Bg7 7. Be2 O-O 8. O-O c6 9. h3 b6 10. Be3 Bb7 11. Qb3 e6 12. Rad1 Nbd7 13. Rfe1 Qc7 14. Rc1 Qd8 15. Red1 Qe7 16. Bg5 h6 17.
Bh4 g5 18. Bg3 Rfc8 19. Re1 Qd8 20. Rcd1 Qf8 21. e5 Nd5 22.
Ne4 Qe7 23. Rc1 c5 24. Nd6 Rcb8 25.
Bb5 cxd4 26. Nxb7 Rxb7 27. Bc6 Nc5 28. Rxc5 bxc5 29. Qxb7 Qxb7 30. Bxb7 Rb8 31. Bxd5 exd5 32. e6 fxe6 33. Bxb8 1-0

[Event "Nové Hrady - Blesk"]
[Site "Nové Hrady, Czech Republic"]
[Date "2023.08.17"]
[Round "7.5"]
[White "Slabý, Matěj"]
[Black "Blazek, Jiri"]
[Result "0-1"]
[TimeControl "2x3+2s"]
[WhiteFideId "23734876"]
[BlackFideId "330515"]
[WhiteElo "1894"]
[BlackElo "2061"]

1. e4 e6 2. d4 d5 3. e5 c5 4. c3 Nc6 5. Nf3 Bd7 6. a3 f6 7. exf6 Nxf6 8. b4 cxb4 9. axb4 Bd6 10. Bg5 O-O 11. Bd3 h6 12. Bh4 e5 13. b5 Nxd4 14. cxd4 e4 15. O-O Bg4 16. Be2 exf3 17. Bxf3 Bxf3 18. Qxf3 Qd7 19. Bxf6 Rxf6 20. Qxd5+ Kh8 21. g3 Raf8 22. Nd2 Rxf2 23. Rxf2 Rxf2 24. Ne4 Rf8 25. Nxd6 Rf6 26. Nf7+ Rxf7 27. Qxd7 Rxd7 28. Rxa7 Kg8 29. Kf2 Kf7 30. Ke3 Ke6 31. Ke4 Kd6 32. g4 Re7+ 33. Kd3 Kc7 34. Ra4 Rf7 35. Kc4 Rf4 36. h3 Rf3 37. Ra8 Rxh3 38. Rg8 g5 39. Kd5 Rb3 40. Kc4 Rb1 41. Rg6 Rc1+ 0-1

[Event "Nové Hrady - Blesk"]
[Site "Nové Hrady, Czech Republic"]
[Date "2023.08.17"]
[Round "7.6"]
[White "Hokr, Matyas"]
[Black "Babula, Milan"]
[Result "0-1"]
[TimeControl "2x3+2s"]
[WhiteFideId "23734663"]
[BlackFideId "300632"]
[WhiteElo "1472"]
[BlackElo "2176"]

1. e4 Nc6 2. d4 d5 3. e5 Bf5 4. c3 e6 5. Bd3 Nge7 6. Bg5 Qd7 7. Bxe7 Nxe7 8. Nf3 O-O-O 9. b4 f6 10. a4 Bxd3 11. Qxd3 Ng6 12. Qd2 Be7 13. O-O fxe5 14. Nxe5 Nxe5 15. dxe5 d4 16. Rd1 dxc3 17. Qxd7+ Rxd7 18. Rxd7 Kxd7 19. Nxc3 Bxb4 20. Nb5 a6 21.
Rd1+ Kc8 22. Rb1 Rd8 23. Kf1 axb5 24. Rxb4 bxa4 25. Rxa4 Rd5 26. f4 b5 27. Ra8+ Kb7 28. Rh8 b4 29. Rxh7 b3 30. Rh3 Rb5 31.
f5 b2 0-1

[Event "Nové Hrady - Blesk"]
[Site "Nové Hrady, Czech Republic"]
[Date "2023.08.17"]
[Round "7.7"]
[White "Dudkova, Danka"]
[Black "Papacek, Stepan"]
[Result "0-1"]
[TimeControl "2x3+2s"]
[WhiteFideId "23718439"]
[BlackFideId "301035"]
[WhiteElo "1650"]
[BlackElo "2137"]

1. e4 e6 2. d4 d5 3. exd5 exd5 4. c4 Nf6 5. Bg5 Bb4+ 6. Nc3 O-O 7. cxd5 Re8+ 8. Be2 Nbd7 9. Nf3 Qe7 10. Bxf6 Nxf6 11. Ne5 Nxd5 12. Qb3 Be6 13. Bc4 Bxc3+ 14. bxc3 c6 15.
O-O b5 16. Bd3 f6 17. Nxc6 Qd6 18.
Qxb5 Nxc3 19. Qc5 Qxc5 20. dxc5 Rac8 21. Rac1 Nxa2 22. Rc2 Rxc6 23. Ra1 Rec8 24. Bc4 Bxc4 25. Rxc4 Rxc5 26. Rxc5 Rxc5 27. h3 Rc1+ 28. Rxc1 Nxc1 0-1

[Event "Nové Hrady - Blesk"]
[Site "Nové Hrady, Czech Republic"]
[Date "2023.08.17"]
[Round "7.8"]
[White "Sadil, Antonin"]
[Black "Voršilka, Jiří"]
[Result "1-0"]
[TimeControl "2x3+2s"]
[WhiteFideId "23735597"]
[BlackFideId "365149"]
[WhiteElo "1697"]
[BlackElo "1463"]

1. e4 c5 2. Nf3 d6 3. c3 Nf6 4. Be2 g6 5. e5 dxe5 6. Nxe5 Bg7 7. d4 cxd4 8. cxd4 O-O 9. Nc3 Nd5 10. Nxd5 Qxd5 11. Bf3 Qa5+ 12. Bd2 Qc7 13. Bc3 Nd7 14. Nxd7 Bxd7 15. O-O Bc6 16.
d5 Bb5 17. Bxg7 Kxg7 18. Re1 Qd6 19. Qb3 Rac8 20. Qxb5 Qd8 1-0

[Event "Nové Hrady - Blesk"]
[Site "Nové Hrady, Czech Republic"]
[Date "2023.08.17"]
[Round "7.9"]
[White "Garabik, Marek"]
[Black "Richtrova, Eliska"]
[Result "0-1"]
[TimeControl "2x3+2s"]
[WhiteFideId "23717742"]
[BlackFideId "300683"]
[WhiteElo "1578"]
[BlackElo "2122"]

1. e4 c6 2. d4 d6 3.
Nf3 Nd7 4. c4 g6 5. b3 Bg7 6. Bb2 Ngf6 7. Nbd2 O-O 8. Bd3 a5 9. O-O a4
10. bxa4 Qa5 11. Bc2 Nb6 12.
Re1 Qb4 13. Rb1 Nxa4 14. Ba1 Qa5 15.
Nb3 Qa6 16. Nbd2 Rd8 17. d5 c5 18. Re3 Nb6 19. Reb3 Nbd7 20. Bb2 b6 21. Bc3 Qb7 22. a4 Rxa4 23. Rb5 Ra6 24. Bd3 Qc7 25. Qb3 Ng4 26. Bxg7 Kxg7 27. h3 Nge5 28. Be2 f6 29.
Nxe5 dxe5 30. f3 Bb7 31. Rb2 Rda8 32. Rb1 Ra3 33. Qd1 R8a6 34. Nb3 Nf8 35. Nxc5 bxc5 36. Rxb7 Qd8 37. Qc1 Nd7 38. Qb2 Ra2 39. Qb5 R6a5 40. Qxd7 Qxd7 41. Rxd7 Rxe2 42. Rxe7+ Kh6 43. Rbb7 Kg5 44. Rb1 Raa2 45. d6 Rxg2+ 46. Kf1 Raf2+ 47. Ke1 Rxf3 48.
d7 Re3+ 49. Kf1 Rd2 50. Re1 Red3 51. Rxh7 Rxd7 52. h4+ Kg4 53. Rh6 Rg7 54. Rh8 Kf3 55. Rf8 Rd6 56. Rc8 Rh7 57. Rxc5 Rxh4 58. Kg1 Rd2 59. Rd5 Rg2+ 0-1

[Event "Nové Hrady - Blesk"]
[Site "Nové Hrady, Czech Republic"]
[Date "2023.08.17"]
[Round "7.10"]
[White "Mácová, Markéta"]
[Black "Valenz, Miroslav"]
[Result "0-1"]
[TimeControl "2x3+2s"]
[WhiteFideId "23715588"]
[BlackFideId "326283"]
[WhiteElo "1304"]
[BlackElo "1929"]

1. d4 Nf6 2. c4 d6 3. Nc3 g6 4. Bg5 Bg7 5. Nf3 O-O 6.
e3 Nbd7 7. Be2 c5 8. Qc2 b6 9.
O-O Bb7 10. Rac1 h6 11. Bxf6 Nxf6 12. Rfd1 a6 13. a4 Qc7 14.
b3 Rad8 15. Bd3 h5 16. Ng5 Bh6 17. Nh3 Ng4 18. d5 f5 19. Qe2 Qd7 20. f3 Ne5 21. Bc2 e6 22. dxe6 Qxe6 23. f4 Ng4 24.
Re1 Rfe8 25. Nd1 d5 26. cxd5 Qxd5 27. Qf1 Kh7 28. Nhf2 Qd2 29. Nxg4 hxg4 30. Qf2 Qxc1 31. Qf1 Qxc2 32. Re2 Qxd1 33. Qxd1 Rxd1+ 34. Kf2 Red8 35. Kg3 R1d2 36. Re1 g5 37. fxg5 Bxg5 38. h3 Rxg2# 0-1

[Event "Nové Hrady - Blesk"]
[Site "Nové Hrady, Czech Republic"]
[Date "2023.08.17"]
[Round "8.1"]
[White "Pulpan, Jakub"]
[Black "Steinbauer, Sebastian"]
[Result "1-0"]
[TimeControl "2x3+2s"]
[WhiteFideId "302759"]
[BlackFideId "399272"]
[WhiteElo "2452"]
[BlackElo "1660"]

1. b3 Nc6 2. Bb2 e5 3. Nf3 f6 4. d4 exd4 5. Nxd4 Nxd4 6. Qxd4 Bd6 7.
Nc3 Ne7 8. O-O-O Be5 9. Qe4 c6 10. f4 d5 11. Qf3 Bd6 12. e4 Qa5 13. exd5 Ba3 14. d6 Ng6 15. Bc4 Bd7 16. Rhe1+ Kd8 17. Bxa3 Qxa3+ 18. Kb1 a5 19. Nb5 cxb5 20. Qxb7 Bc6 21. Qc7# 1-0

[Event "Nové Hrady - Blesk"]
[Site "Nové Hrady, Czech Republic"]
[Date "2023.08.17"]
[Round "8.2"]
[White "Vybiral, Zdenek"]
[Black "Zeman, Matyas"]
[Result "0-1"]
[TimeControl "2x3+2s"]
[WhiteFideId "305200"]
[BlackFideId "364398"]
[WhiteElo "2158"]
[BlackElo "2254"]

1. e4 e5 2. Nf3 Nc6 3. Bb5 Nf6 4. d3 Bc5 5. c3 O-O 6. Bg5 h6 7. Bh4 Re8 8. Nbd2 Be7 9. Qe2 d6 10. h3 Bd7 11. g4 Nh7 12. Bg3 a6 13. Ba4 b5 14. Bb3 Na5 15. Bc2 c5 16. h4 Bxg4 17. O-O-O b4 18. cxb4 cxb4 19. Kb1 Nf8 20. Nb3 Nxb3 21. Bxb3 Ne6 22. Bxe6 Bxe6 23. d4 Qa5 24. b3 Rac8 25.
Rc1 Rc3 26. dxe5 d5 27. Nd4 dxe4 28. Nc6 Qc5 29. Nxe7+ Rxe7 30. Qxe4 g6 31. Rxc3 Qxc3 32. Rc1 Bf5 33. Qxf5 Qxc1+ 34. Kxc1 gxf5 35. Kd2 Rd7+ 36.
Ke3 Kf8 37. Kf4 Rd2 38. Kxf5 Rxa2 39. Bf4 Rxf2 40. Ke4 h5 41.
Be3 Rh2 42. Bc5+ Ke8 43. Kf5 Rxh4 44. Kg5 Re4 45. Kf5 Re2 46. Bxb4 Rb2 47. Bd6 Rxb3 48. Kg5 a5 49. Kxh5 a4 0-1

[Event "Nové Hrady - Blesk"]
[Site "Nové Hrady, Czech Republic"]
[Date "2023.08.17"]
[Round "8.3"]
[White "Blazek, Jiri"]
[Black "Papacek, Stepan"]
[Result "0-1"]
[TimeControl "2x3+2s"]
[WhiteFideId "330515"]
[BlackFideId "301035"]
[WhiteElo "2061"]
[BlackElo "2137"]

1. d4 g6 2. e3 Bg7 3. Bd3 c5 4. c3 d6 5. Ne2 b6 6. O-O Bb7 7. f3 e5 8. Bb5+ Nd7 9. dxe5 dxe5 10.
f4 a6 11. Bxd7+ Qxd7 12. Qxd7+ Kxd7 13. fxe5 Rf8 14. Nd2 Bxe5 15.
Nc4 Bc7 16. Nf4 b5 17. Nd2 Ne7 18.
Nf3 Kc8 19. b3 Bxf3 20. Rxf3 Be5 21. Ba3 Rd8 22. Bxc5 Nf5 23. Bd4 Rhe8 24. a4 b4 25. Bxe5 Rxe5 26. cxb4 Rxe3 27. Rc1+ Kb7 28. Rxe3 Nxe3 29. Kf2 Nf5 30. Ne2 Rd2 31. a5 Rb2 32. Rc3 Nd4 33. Re3 Nxe2 34. Rxe2 Rxb3 35. Re7+ Kc6 36. Rxf7
Rxb4 37. Rf6+ Kb5 38. Rf7 h5 39. Rg7 Rg4 40. h3 Rg5 0-1

[Event "Nové Hrady - Blesk"]
[Site "Nové Hrady, Czech Republic"]
[Date "2023.08.17"]
[Round "8.4"]
[White "Babula, Milan"]
[Black "Hostička, František"]
[Result "0-1"]
[TimeControl "2x3+2s"]
[WhiteFideId "300632"]
[BlackFideId "302295"]
[WhiteElo "2176"]
[BlackElo "2074"]

1. e4 Nf6 2. Nc3 d5 3. e5 Ne4 4. d4 Nxc3 5. bxc3 c5 6. Nf3 Nc6 7. Be3 Qa5 8. Qd2 Bg4 9. h3 Bxf3 10. gxf3 e6 11. f4 cxd4 12. cxd4 Bb4 0-1

[Event "Nové Hrady - Blesk"]
[Site "Nové Hrady, Czech Republic"]
[Date "2023.08.17"]
[Round "8.5"]
[White "Hak, David"]
[Black "Sadil, Antonin"]
[Result "1-0"]
[TimeControl "2x3+2s"]
[WhiteFideId "377007"]
[BlackFideId "23735597"]
[WhiteElo "2037"]
[BlackElo "1697"]

1. d4 c6 2. c4 d5 3.
Nc3 e6 4. Nf3 Nf6 5. cxd5 exd5 6. Qc2 Be7 7. Bg5 O-O 8. e3 Nbd7 9. Bd3 h6 10. h4 c5 11. O-O-O c4 12. Bf5 Nb6 13. Bxf6 Bxf6 14. g4 Bxf5 15. Qxf5 g6 16. Qf4 Bg7 17. Kb1 Qd7 18. h5 Na4 19.
Nxa4 Qxa4 20. hxg6 fxg6 21. Qd6 Rxf3 22. Qxd5+ Rf7 23. Rc1 Qc6 24. Qxc6 bxc6 25. Rxc4 Rxf2 26. Rxc6 Rb8 27. b3 Re2 28. Rxg6 Kf7 29. Ra6 Rxe3 30. Rxa7+ Re7 31. Rf1+ Ke8 32. Ra6 Kd7 33. Ra7+ Kd8 34. Rf7 Rxf7 35. Rxf7 Bxd4 36. Rf8+ Kc7 37. Rf7+ Kd6 38. Rh7 Be3 39. Kc2 Rg8 40. Kd3 Bc1 41. Kc2 Bf4 42. Rf7 Ke5 43. Re7+ Kf6 44. Re4 Kg5 45. a4 Kf5 1-0

[Event "Nové Hrady - Blesk"]
[Site "Nové Hrady, Czech Republic"]
[Date "2023.08.17"]
[Round "8.7"]
[White "Rausch, Rudolf"]
[Black "Richtrova, Eliska"]
[Result "0-1"]
[TimeControl "2x3+2s"]
[WhiteFideId "1639455"]
[BlackFideId "300683"]
[WhiteElo "1806"]
[BlackElo "2122"]

1. d4 Nf6 2. c4 e6 3. Nc3 b6 4. Nf3 Bb7 5. Bf4 a6 6. e3 Be7 7. h3 O-O 8. Be2 d6 9.
O-O Nbd7 10. a3 h6 11. Rc1 Re8 12. Re1 Bf8 13. Bd3 e5 14. dxe5 dxe5 15. Bg3 e4 16. Nxe4 Nxe4 17. Bh2 Ndf6 18. Qe2 Bd6 19. Rcd1 Bxh2+ 20. Nxh2 Qe7 21. b4 c5 22.
Ra1 cxb4 23. axb4 Qxb4 24. Rab1 Qc5 25. Rec1 Rac8 26.
Nf3 Qc7 27. Nd4 Nc5 28. Bf5 Rcd8 29. Qf1 Qe5 30. Bg4 Nxg4 31. hxg4 Qf6 32. Nf5 Ne4 33. Qe1 Bc8 34. f3 Bxf5 35. gxf5 Nc5 0-1

[Event "Nové Hrady - Blesk"]
[Site "Nové Hrady, Czech Republic"]
[Date "2023.08.17"]
[Round "8.8"]
[White "Dudková, Josefína"]
[Black "Prinz, Hubert"]
[Result "0-1"]
[TimeControl "2x3+2s"]
[WhiteFideId "23712350"]
[BlackFideId "1639447"]
[WhiteElo "1437"]
[BlackElo "1884"]

1. d4 Nf6 2. Bf4 d5 3.
e3 g6 4. Nf3 Bg7 5. Nbd2 O-O 6. c4 c6 7. Bd3 Nbd7 8. O-O e6 9. Ne5 c5 10.
Nxd7 Nxd7 11. Bd6 Re8 12. dxc5 Bxb2 13. Rb1 Bg7 14. cxd5 exd5 15. Bc2 Bf8 16. Bb3 Nxc5 17. Bxc5 Bxc5 18. Nf3 Be6 19. Qd2 b6 20. Rfd1 Qf6 21. Bxd5 Rad8 22. e4 Bxd5 23. exd5 Rd6 24. Qg5 Qc3 25. Rbc1 Qb2 26. Qd2 Re2 27. Qxb2 Rxb2 28. Rd2 Rxd2 29. Nxd2 Rxd5 30. Ne4 Kg7 31. h3 f5 32. Ng5 h6 33. Ne6+ Kf6 34. Nf4 Rd2 35. a4 Rxf2 36. Nd5+ Ke5 0-1

[Event "Nové Hrady - Blesk"]
[Site "Nové Hrady, Czech Republic"]
[Date "2023.08.17"]
[Round "8.9"]
[White "Valenz, Miroslav"]
[Black "Hokr, Matyas"]
[Result "1-0"]
[TimeControl "2x3+2s"]
[WhiteFideId "326283"]
[BlackFideId "23734663"]
[WhiteElo "1929"]
[BlackElo "1472"]

1. e4 e5 2. Nc3 Nf6 3. Bc4 Nc6 4. d3 Bc5 5. f4 d6 6. Nf3 Bg4 7. h3 Bh5 8. g4 Nxg4 9.
Bxf7+ Bxf7 10. hxg4 Qd7 11. f5 O-O-O 12. Bg5 Rdg8 13. Qd2 h6 14. Be3 Bxe3 15. Qxe3 g6 16. O-O-O gxf5 17. gxf5 Rg2 18. Rxh6 Rxh6 19. Qxh6 Nb4 20. Rd2 Rxd2 21. Kxd2 Nxa2 22. Nxa2 Bxa2 23. Qf8+ Qd8 24. Qxd8+ Kxd8 25. b3 Bb1 26. Kc1 Bxc2 27. Kxc2 c5 28. Kc3 b5 29. Ng5 Ke7 30. b4 a6 31. Nf3 Kf6 32. Nd2 Ke7 33.
Nb3 c4 34. dxc4 bxc4 35. Kxc4 Kf6 36. Kd5 Ke7 37. Na5 Kd7 38. Nc4 Ke7 39. Nxd6 Kd7 40. Nc4 Ke7 41. Nxe5 Kd7 1-0

[Event "Nové Hrady - Blesk"]
[Site "Nové Hrady, Czech Republic"]
[Date "2023.08.17"]
[Round "9.1"]
[White "Papacek, Stepan"]
[Black "Pulpan, Jakub"]
[Result "0-1"]
[TimeControl "2x3+2s"]
[WhiteFideId "301035"]
[BlackFideId "302759"]
[WhiteElo "2137"]
[BlackElo "2452"]

1. e4 c5 2. c3 d5 3.
exd5 Qxd5 4. Nf3 Nc6 5. Na3 Bf5 6. d4 cxd4 7. Nb5 O-O-O 8.
cxd4 e5 9. Bd2 exd4 10. Rc1 Re8+ 11. Be2 Qxb5 12. Ra1 0-1

[Event "Nové Hrady - Blesk"]
[Site "Nové Hrady, Czech Republic"]
[Date "2023.08.17"]
[Round "9.2"]
[White "Zeman, Matyas"]
[Black "Steinbauer, Sebastian"]
[Result "1-0"]
[TimeControl "2x3+2s"]
[WhiteFideId "364398"]
[BlackFideId "399272"]
[WhiteElo "2254"]
[BlackElo "1660"]

1. Nf3 b6 2. b3 Bb7 3. Bb2 c5 4. g3 Nc6 5.
Bg2 Nf6 6. O-O e6 7. d4 d5 8. Nbd2 Bd6 9. dxc5 bxc5 10.
e3 O-O 11. c4 Ne7 12. Rc1 Ng6 13. Qc2 Rc8 14.
Rfd1 Qe7 15. Nb1 Rfd8 16. cxd5 Nxd5 17.
Na3 Nb4 18. Qb1 Bb8 19. Nc4 f6 20. a3 Nd5 21. h4 Nf8 22.
Qc2 Nb6 23. Na5 Ba8 24. Rxd8 Rxd8 25.
Qxc5 Bd6 26. Qh5 Bxa3 27. Bxa3 Qxa3 28. Rc7 Ng6 29. Nd4 Qa1+ 30.
Kh2 Bxg2 31. Kxg2 Qxa5 32. Qxa5 1-0

[Event "Nové Hrady - Blesk"]
[Site "Nové Hrady, Czech Republic"]
[Date "2023.08.17"]
[Round "9.3"]
[White "Hostička, František"]
[Black "Šimůnek, Jakub Šimon"]
[Result "0-1"]
[TimeControl "2x3+2s"]
[WhiteFideId "302295"]
[BlackFideId "23709464"]
[WhiteElo "2074"]
[BlackElo "1921"]

1. e4 e6 2. d4 d5 3. e5
c5 4. c3 Nc6 5. Be3 cxd4 6. cxd4 Bd7 7. Nf3 Nge7 8. Nc3 Nf5 9.
Bd3 Nxe3 10. fxe3 Bb4 11. O-O O-O 12. Qc2 h6 13. Rf2 Rc8 14. Qd2 Qa5 15. a3 Be7 16. Raf1 a6 17. h3 b5 18. Nh2 b4 19. axb4 Bxb4 20.
Ng4 Ne7 21. Nf6+ gxf6 22. Rxf6 Bxc3 23. bxc3 Qxc3 24. Qe2 Nf5 25. Qg4+ Kh7 26. Bxf5+ Qxe3+ 27. Kh1+ exf5 28. Qh5 Qg5 29.
Rxf7+ Rxf7 30. Qxf7+ Qg7 31. e6 Qxf7 32. exf7 Rf8 33. Ra1 Bb5 34. Rc1 Rxf7 35. Rc5 Rd7 36. Kh2 Kg6 37. Kg3 Kg5 38. h4+ Kf6 39. Kf4 Bc4 40. Rc6+ Kg7 41. h5 Rf7 42. Rg6+ Kh7 43. Rd6 Ra7 44. Kxf5 a5 45. g4 a4 46. g5 hxg5 47. h6 a3 48. Kxg5 a2 49. Rd7+ Rxd7 0-1

[Event "Nové Hrady - Blesk"]
[Site "Nové Hrady, Czech Republic"]
[Date "2023.08.17"]
[Round "9.4"]
[White "Richtrova, Eliska"]
[Black "Hak, David"]
[Result "0-1"]
[TimeControl "2x3+2s"]
[WhiteFideId "300683"]
[BlackFideId "377007"]
[WhiteElo "2122"]
[BlackElo "2037"]

1. e4 c5 2. Nc3 Nc6 3. g3 g6 4. Bg2 Bg7 5. d3 d6 6. Be3 Nf6 7. h3 O-O 8. Nge2 Rb8 9. g4 b5 10. Ng3 b4 11. Nce2 Ne8 12. d4 cxd4 13. Nxd4 Bb7 14. O-O Nc7 15.
Nxc6 Bxc6 16. Bxa7 Rb7 17. Bd4 Bxd4 18. Qxd4 Ne6 19. Qe3 Qa5 20. Ne2 Rc7 21. Rfc1 Ba4 22. c3 Rfc8 23. cxb4 Qxb4 24. b3 Bb5 25. Bf1 Nc5 26. Nd4 Bxf1 27. Rxf1 e5 28. Nc2 Qxe4 29. Qxe4 Nxe4 30. Ne3 Nc3 31.
Kg2 Ra8 32. a3 Rca7 33. Nc4 d5 34. Nxe5 Rxa3 35. Rxa3 Rxa3 36. b4 Rb3 37. Nc6 Rb2 38. Rc1 Ne4 39. Ne7+ Kg7 40. Nxd5 Rxf2+ 41. Kg1 Rb2 42. Rc7 Ng5 43. Nf4 Nf3+ 44. Kf1 Rxb4 45. Ne6+ Kf6 46. Nd8 Ne5 47. Ra7 Rb1+ 48. Kg2 Rb2+ 49. Kg3 Rb3+ 50. Kg2 Rd3 51. Ra8 Rd7 52. Ra6+ Kg5 53. Nc6 Rd6 54. Nb4 Rxa6 55. Nxa6 Kh4 56. Nc5 g5 57. Ne4 Ng6 58.
Kf3 h6 59. Nd6 f6 60. Ne4 Kxh3 61. Nxf6 Ne5+ 62. Ke4 Nxg4 63. Nh5 Nf2+ 64. Kf5 g4 65. Nf4+ Kg3 66. Nh5+ Kh4 67. Kg6 Ne4 68. Kxh6 Ng3 69. Nf6 Nf5+ 70. Kg6 g3 71. Kxf5 g2 72. Ne4 g1=Q 73. Kg6 0-1

[Event "Nové Hrady - Blesk"]
[Site "Nové Hrady, Czech Republic"]
[Date "2023.08.17"]
[Round "9.5"]
[White "Blazek, Jiri"]
[Black "Vybiral, Zdenek"]
[Result "0-1"]
[TimeControl "2x3+2s"]
[WhiteFideId "330515"]
[BlackFideId "305200"]
[WhiteElo "2061"]
[BlackElo "2158"]

1. d4 Nf6 2. e3 g6 3. Bd3 Bg7 4.
Nd2 O-O 5. Ne2 d5 6. f4 c5 7. c3 b6 8.
O-O Ba6 9. Bxa6 Nxa6 10. Ng3 e6 11. Nf3 Nc7 12. Ne5 Nb5 13. Ng4 Nd6 14. Nxf6+ Bxf6 15. Qf3 Bh4 16. Ne2 Ne4 17.
g3 Be7 18. g4 f5 19. g5 b5 20. Ng3 Nd6 21.
Kh1 Qc7 22. Bd2 Nc4 23. Bc1 b4 24. b3 Nd6 25. Bb2 a5 26. Rac1 c4 27. h4 Qb6 28. h5 Rf7 29. Kg2 a4 30. bxc4 Nxc4 31. Rc2 b3 32. axb3 axb3 33. Re2 Ra2 34. Rff2 Qa7 35. hxg6 hxg6 36. Nf1 Ba3 37. Bxa3 Qxa3 38. e4 fxe4 39. Qg4 Qa6 40. Ne3 Nxe3+ 41. Rxe3 Rxf2+ 42. Kxf2 b2 43. Re1 Qd3 44. Qxe6 Qf3+ 45. Kg1 Qg3+ 46. Kh1 Qxe1+ 47. Kh2 Qh4+ 48. Kg2 Qxf4 49. Qxg6+ Kf8 50. Qh6+ Ke7 51. Qb6 Qf2+ 52. Kh3 Rh7+ 53. Kg4 Qf3# 0-1

[Event "Nové Hrady - Blesk"]
[Site "Nové Hrady, Czech Republic"]
[Date "2023.08.17"]
[Round "9.6"]
[White "Prinz, Hubert"]
[Black "Valenz, Miroslav"]
[Result "1-0"]
[TimeControl "2x3+2s"]
[WhiteFideId "1639447"]
[BlackFideId "326283"]
[WhiteElo "1884"]
[BlackElo "1929"]

1. d4 Nf6 2. Nf3 d6 3. e3 g6 4.
Bd3 Bg7 5. Nbd2 O-O 6. O-O Nc6 7. c3 e5 8. Re1 Qe7 9. e4 Bg4 10.
d5 Nd8 11. h3 Bd7 12. a4 Nh5 13. Nf1 f5 14.
Bg5 Qe8 15. Ng3 Nxg3 16. fxg3 f4 17. gxf4 exf4 18. Bxd8 Rxd8 19. Qe2 Qe7 20. Bc2 Rde8 21. Rad1 g5 22. Nd4 Kh8 23. Qh5 Be5 24. Rf1 Rg8 25. Nf5 Bxf5 26. exf5 Qf6 27. g4 Rc8 28. Rde1 c6 29. Rd1 Rgf8 30. Kg2 cxd5 31. Rxd5 Rc7 32. Rfd1 a6 33. Rh1 b6 34.
h4 gxh4 35. Qxh4 Qg7 36. Kf3 Rg8 37. Rd2 Rc5 38. Rdh2 Rc7 39. f6 Bxf6 40. Qxh7+ Qxh7 41. Rxh7+ 1-0

[Event "Nové Hrady - Blesk"]
[Site "Nové Hrady, Czech Republic"]
[Date "2023.08.17"]
[Round "9.8"]
[White "Sadil, Antonin"]
[Black "Rausch, Rudolf"]
[Result "0-1"]
[TimeControl "2x3+2s"]
[WhiteFideId "23735597"]
[BlackFideId "1639455"]
[WhiteElo "1697"]
[BlackElo "1806"]

1. e4 g6 2. d4 d6 3. Nc3 Bg7 4. Be3 Nf6 5. f3 Nc6 6. Qd2 e5 7. d5 Ne7 8. O-O-O O-O 9. Bh6 a6 10. h4 Nh5 11.
Bxg7 Kxg7 12. g4 Ng3 13. Rh3 Nxf1 14. Rxf1 h5 15. Rg3 hxg4 16.
fxg4 Ng8 17. h5 Qh4 18. Nge2 Bxg4 19. hxg6 fxg6 20. Rfg1 Bh5 21. Nd1 Rf6 22. Ne3 Qxe4 23. Rh3 Bxe2 24.
Qxe2 Raf8 25. Qh5 Kf7 26. Ng4 Qf4+ 27. Kb1 gxh5 0-1

[Event "Nové Hrady - Blesk"]
[Site "Nové Hrady, Czech Republic"]
[Date "2023.08.17"]
[Round "9.9"]
[White "Slabý, Matěj"]
[Black "Voršilka, Jiří"]
[Result "1-0"]
[TimeControl "2x3+2s"]
[WhiteFideId "23734876"]
[BlackFideId "365149"]
[WhiteElo "1894"]
[BlackElo "1463"]

1. e4 e5 2. Bc4 Nf6 3. d3 Nc6 4. Nf3 Bc5 5. O-O O-O 6. c3 a5 7. d4 exd4 8. cxd4 Bb6 9. Nc3 d6 10. h3 Bd7 11. a3 Re8 12. Re1 Ne7 13.
Bg5 h6 14. Bxf6 gxf6 15. Qd2 Kh7 16. Bd3 Kg7 17. Qf4 Ng6 18.
Qg3 c5 19. Qxd6 Qc7 20. Qxc7 Bxc7 21.
dxc5 Ne5 22. Be2 Bc6 23. Rad1 Rad8 24.
Nd5 Rd7 25. Nxc7 Rxc7 26. b4 axb4 27. axb4 Bd7 28. Nxe5 fxe5 29. Rd6 Be6 30. Bb5 Ra8 31.
Red1 Ra2 32. Bd7 Bxd7 33. Rxd7 Rxd7 34. Rxd7 1-0

[Event "Nové Hrady - Blesk"]
[Site "Nové Hrady, Czech Republic"]
[Date "2023.08.17"]
[Round "9.10"]
[White "Dudkova, Danka"]
[Black "Dudková, Josefína"]
[Result "1/2-1/2"]
[TimeControl "2x3+2s"]
[WhiteFideId "23718439"]
[BlackFideId "23712350"]
[WhiteElo "1650"]
[BlackElo "1437"]

1. h3 a6 2. g3 b6 3. f3 c6 4. e3 d6 5. d3 e6 6. c3 f6 7. b3 g6 8. a3 h6 9. Nd2 Ne7 10. Ne2 Nd7 11. Bg2 Bb7 12. Bb2 Bg7 13. Ra2 Ra7 14.
O-O O-O 15. Qc2 1/2-1/2

[Event "Nové Hrady - Blesk"]
[Site "Nové Hrady, Czech Republic"]
[Date "2023.08.18"]
[Round "10.1"]
[White "Pulpan, Jakub"]
[Black "Šimůnek, Jakub Šimon"]
[Result "1-0"]
[TimeControl "2x3+2s"]
[WhiteFideId "302759"]
[BlackFideId "23709464"]
[WhiteElo "2452"]
[BlackElo "1921"]

1. Nf3 d5 2. b3 Nf6 3. Bb2 c6 4. c4 Bf5 5. Nh4 Be4 6. d3 Bg6 7. Nxg6 hxg6 8. g3 Nbd7 9. Bg2 e6 10. Nd2 Bd6 11. e3 Qc7 12. Qe2 Ne5 13. Nf3 Neg4 14. h3 Ne5 15.
Kf1 O-O-O 16. c5 Bxc5 17. Bxe5 Bd6 18. Qb2 Rh7 19. Bxd6 Qxd6 20. Ng5 1-0